 Dungeon Sprint DCSS version 0.21.1-1-g345015f (webtiles) character file.

34168 equalderp2856 the Cutthroat (level 13, -1/139 HPs)
             Began as a Minotaur Fighter on May 18, 2018.
             Killed by the raging water
             ... invoked by a water nymph
              (17 damage)
             ... while paralysed
             ... in the Dungeon (Sprint IX: "|||||||||||||||||||||||||||||").
             The game lasted 00:13:59 (5399 turns).

equalderp2856 the Cutthroat (Minotaur Fighter)      Turns: 5399, Time: 00:14:00

Health: -1/139     AC: 29    Str: 24    XL:     13   Next: 40%
Magic:  14/14      EV:  2    Int:  7    God:
Gold:   778        SH:  0    Dex: 16    Spells: 12/12 levels left

rFire    + . .     SeeInvis .   K - +3 quick blade
rCold    . . .     Gourm    .   c - +0 shield
rNeg     . . .     Faith    .   C - +4 plate armour of the Clam {rElec rF+ Dex+3}
rPois    +         Spirit   .   F - +2 hat
rElec    +         Reflect  .   E - +2 cloak {rPois}
rCorr    .         Harm     .   (no gloves)
MR       .....     NoTele   +   B - +0 pair of boots {Stlth+}
Stlth    ..........             (no amulet)
HPRegen  0.33/turn              q - +2 ring of evasion
MPRegen  0.14/turn              r - +3 ring of strength

@: paralysed, fainting, very slow
A: retaliatory headbutt, horns 2
a: no special abilities


You were in the Dungeon.
You were fainting.

You visited 1 branch You collected 1923 gold pieces.
You spent 1145 gold pieces at shops.

Inventory:

Hand Weapons
 a - a +0 rapier
 p - a +2 rapier of venom
 K - a +3 quick blade (weapon)
Armour
 b - a +0 scale mail
 c - a +0 shield (worn)
 s - a +0 plate armour
 t - a +0 cloak
 y - a +0 pair of gloves
 z - a +0 pair of boots
 A - a +0 cloak
 B - a +0 pair of boots of stealth (worn)
 C - the +4 plate armour of the Clam (worn) {rElec rF+ Dex+3}
   (You bought it in a shop in the Dungeon)

   It affects your dexterity (+3).
   It protects you from fire.
   It insulates you from electricity.
 E - a +2 cloak of poison resistance (worn)
 F - a +2 hat (worn)
 P - +0 swamp dragon scales
Jewellery
 q - a +2 ring of evasion (left hand)
 r - a +3 ring of strength (right hand)
 G - an uncursed ring of protection from cold
 H - an uncursed ring of ice
 I - an uncursed ring of fire
 J - an uncursed ring of protection from cold
Wands
 o - a wand of acid (7)
 D - a wand of paralysis (10)
Scrolls
 k - 4 scrolls of blinking
 m - 3 scrolls of remove curse
 n - 2 scrolls of amnesia
 v - 2 scrolls of identify
 w - 4 scrolls of enchant armour
 x - a scroll of fear
 M - 2 scrolls of enchant weapon
 N - a scroll of fog
Potions
 d - a potion of might
 e - 5 potions of curing
 f - 2 potions of brilliance
 g - 5 potions of heal wounds
 h - 2 potions of haste
 i - 4 potions of magic
 j - a potion of berserk rage
 l - a potion of invisibility
 L - a potion of agility
Comestibles
 u - 11 rations


   Skills:
 + Level 19.9 Fighting
 + Level 21.4 Short Blades
 + Level 18.2 Armour
 + Level 5.9 Dodging
 + Level 2.8 Stealth
 + Level 18.9 Shields
 + Level 3.6 Evocations


You had 12 spell levels left.
You didn't know any spells.

Dungeon Overview and Level Annotations

Branches:
Dungeon (1/1)

Altars:
Cheibriados
Dithmenos
Elyvilon
Fedhas
Gozag
Hepliaklqana
Kikubaaqudgha
Makhleb
Nemelex Xobeh
Okawaru
Qazlal
Ru
Sif Muna
Trog
Uskayaw
Vehumet
Wu Jian
Xom
Yredelemnul
Zin
The Shining One
Beogh
Jiyva
Lugonu

Shops:
D [[[=


Innate Abilities, Weirdness & Mutations

You reflexively headbutt those who attack you in melee.
You have a pair of horns on your head.


Message History

Moving in this stuff is going to be slow.
You are fainting from starvation!
The water nymph flows with the water.
You lose consciousness!
The water nymph flows with the water.
The water nymph touches you!
* * * LOW HITPOINT WARNING * * *
The water nymph drowns you!
* * * LOW HITPOINT WARNING * * *
The water nymph touches you.
* * * LOW HITPOINT WARNING * * *
The water nymph drowns you!
* * * LOW HITPOINT WARNING * * *
Splash!
You fall into the shallow water.
Moving in this stuff is going to be slow.
The water nymph completely misses you.
The water nymph gestures at you while chanting.
The water swirls and strikes you!
You die...

▓_▓.▓†▓.▓.▓.▓.▓.▓
▓_▓.▓†▓.▓.▓.▓[▓.▓H▓
▓_▓.▓.▓.▓)▓.▓(▓.▓≈▓
▓_▓.▓.▓.▓.▓.▓[▓.▓H▓
▓_▓.▓.▓.▓.▓.▓.▓.▓≈▓
▓_▓.▓.▓.▓'▓(▓[▓.▓m▓
▓_▓.▓.▓(▓)▓(▓[▓.▓≈▓
▓_▓.▓.▓.▓.▓.▓(▓.▓)▓
▓_▓.▓.▓(▓.▓.▓(▓@▓(▓
▓_▓.▓.▓.▓)▓.▓.▓m▓(▓
▓_▓.▓.▓)▓.▓†▓(▓H▓(▓
▓_▓.▓'▓.▓.▓)▓(▓H▓H▓
▓_▓.▓.▓.▓.▓.▓)▓.▓)▓
▓_▓.▓.▓.▓.▓.▓)▓≈▓)▓
▓_▓.▓.▓.▓)▓.▓(▓.▓(▓
▓_▓.▓.▓.▓)▓.▓(▓.▓H▓
▓'▓.▓.▓.▓)▓.▓(▓≈▓)▓


You could see 2 manticores and a water nymph.

Vanquished Creatures
  Saint Roka (D)
  Gastronok (D)
  2 stone giants (D)
  A merfolk javelineer (D)
  An ettin (D)
  A fire dragon (D)
  A great orb of eyes (D)
  A rakshasa (D)
  Harold (D)
  A naga warrior (D)
  2 centaur warriors (D)
  5 two-headed ogres (D)
  3 ogre magi (D)
  A satyr (D)
  An orc high priest (D)
  A deep troll shaman (D)
  3 naga sharpshooters (D)
  An unseen horror (D)
  2 orc knights (D)
  A naga ritualist (D)
  A deep elf mage (D)
  A mana viper (D)
  3 manticores (D)
  Maurice (D)
  Joseph (D)
  2 black mambas (D)
  3 spiny frogs (D)
  A rime drake (D)
  A komodo dragon (D)
  A merfolk (D)
  A troll (D)
  2 polar bears (D)
  Eustachio (D)
  A wraith (D)
  A basilisk (D)
  2 hungry ghosts (D)
  2 nagas (D)
  3 water moccasins (D)
  3 porcupines (D)
  14 orc warriors (D)
  An ice beast (D)
  6 black bears (D)
  7 ogres (D)
  2 centaurs (D)
  2 crocodiles (D)
  5 bullfrogs (D)
  A crimson imp (D)
  An orc priest (D)
  5 orc wizards (D)
  3 adders (D)
  An adder skeleton (D)
  An adder zombie (D)
  A leopard gecko (D)
  7 orcs (D)
  A giant cockroach (D)
  A goblin (D)
  A jackal (D)
  A kobold (D)
  A ball python skeleton (D)
  A jackal skeleton (D)
  2 rats (D)
127 creatures vanquished.

Notes
Turn   | Place    | Note
-------+----------+-------------------------------------------
     0 | D        | equalderp2856 the Minotaur Fighter began the quest for the Orb.
     0 | D        | Reached XP level 1. HP: 19/19 MP: 0/0
    48 | D        | Noticed an ice beast
    53 | D        | Reached XP level 2. HP: 28/28 MP: 1/1
    63 | D        | Killed an ice beast
    63 | D        | Reached skill level 5 in Short Blades
    63 | D        | Reached XP level 3. HP: 18/38 MP: 2/2
    63 | D        | Reached XP level 4. HP: 21/45 MP: 3/3
   300 | D        | Found a roughly hewn altar of Beogh.
   300 | D        | Found a snail-covered altar of Cheibriados.
   300 | D        | Found a shadowy altar of Dithmenos.
   300 | D        | Found a white marble altar of Elyvilon.
   300 | D        | Found a blossoming altar of Fedhas.
   300 | D        | Found an opulent altar of Gozag.
   301 | D        | Found a hazy altar of Hepliaklqana.
   302 | D        | Found a viscous altar of Jiyva.
   303 | D        | Found an ancient bone altar of Kikubaaqudgha.
   304 | D        | Found a corrupted altar of Lugonu.
   305 | D        | Found a burning altar of Makhleb.
   306 | D        | Found a sparkling altar of Nemelex Xobeh.
   307 | D        | Found an iron altar of Okawaru.
   308 | D        | Found a stormy altar of Qazlal.
   309 | D        | Found a sacrificial altar of Ru.
   310 | D        | Found a deep blue altar of Sif Muna.
   311 | D        | Found a bloodstained altar of Trog.
   312 | D        | Found a hide-covered altar of Uskayaw.
   313 | D        | Found a radiant altar of Vehumet.
   314 | D        | Found an ornate altar of the Wu Jian Council.
   315 | D        | Found a shimmering altar of Xom.
   316 | D        | Found a basalt altar of Yredelemnul.
   317 | D        | Found a glowing silver altar of Zin.
   318 | D        | Found a glowing golden altar of the Shining One.
   358 | D        | Noticed an ogre
   370 | D        | Killed an ogre
   370 | D        | Reached skill level 7 in Short Blades
   370 | D        | Reached skill level 1 in Dodging
   370 | D        | Reached XP level 5. HP: 36/53 MP: 4/4
   503 | D        | Noticed a centaur warrior
   503 | D        | Noticed a centaur warrior
   503 | D        | Noticed a deep elf mage
   503 | D        | Noticed a hungry ghost
   503 | D        | Noticed a basilisk
   508 | D        | Killed a basilisk
   508 | D        | Reached skill level 9 in Short Blades
   508 | D        | Reached XP level 6. HP: 62/62 MP: 5/5
   521 | D        | Killed a hungry ghost
   521 | D        | Reached skill level 10 in Short Blades
   537 | D        | Killed a centaur warrior
   537 | D        | Reached skill level 10 in Fighting
   537 | D        | Reached skill level 12 in Short Blades
   537 | D        | Reached skill level 10 in Armour
   537 | D        | Reached XP level 7. HP: 22/72 MP: 6/6
   537 | D        | Reached XP level 8. HP: 24/79 MP: 7/7
   546 | D        | Killed a centaur warrior
   546 | D        | Reached skill level 13 in Short Blades
   573 | D        | Killed a deep elf mage
   573 | D        | Reached skill level 14 in Short Blades
   573 | D        | Reached XP level 9. HP: 39/89 MP: 8/8
   910 | D        | Noticed a komodo dragon
   921 | D        | Noticed a rime drake
   924 | D        | Killed a komodo dragon
   924 | D        | Reached skill level 15 in Short Blades
   952 | D        | Killed a rime drake
   952 | D        | Reached skill level 10 in Shields
  1125 | D        | Noticed a spiny frog
  1125 | D        | Noticed a spiny frog
  1125 | D        | Noticed a black mamba
  1125 | D        | Noticed a spiny frog
  1132 | D        | Killed a spiny frog
  1132 | D        | Reached skill level 16 in Short Blades
  1132 | D        | Reached skill level 5 in Dodging
  1136 | D        | Reached skill level 1 in Stealth
  1139 | D        | Killed a black mamba
  1139 | D        | Reached XP level 10. HP: 80/100 MP: 9/9
  1152 | D        | Killed a spiny frog
  1158 | D        | Killed a spiny frog
  1314 | D        | Reached skill level 17 in Short Blades
  1517 | D        | Noticed Eustachio
  1543 | D        | Killed Eustachio
  1887 | D        | Noticed an orc knight
  1887 | D        | Noticed an orc knight
  1969 | D        | Killed an orc knight
  2044 | D        | Killed an orc knight
  2063 | D        | Reached XP level 11. HP: 65/111 MP: 10/10
  2222 | D        | Noticed an orc high priest
  2245 | D        | Killed an orc high priest
  2245 | D        | Reached skill level 15 in Fighting
  2250 | D        | Reached skill level 18 in Short Blades
  2379 | D        | Found Foepligh's Jewellery Boutique.
  2379 | D        | Noticed a two-headed ogre
  2379 | D        | Noticed a two-headed ogre
  2380 | D        | Noticed a two-headed ogre
  2383 | D        | Noticed an ogre mage
  2403 | D        | Killed a two-headed ogre
  2415 | D        | Killed a two-headed ogre
  2428 | D        | Killed a two-headed ogre
  2509 | D        | Killed an ogre mage
  2606 | D        | Found Toph's Armour Shop.
  2610 | D        | Found Jeng's Armour Boutique.
  2614 | D        | Found Kojifoll's Antique Armour Shop.
  2616 | D        | Noticed an ogre mage
  2617 | D        | Noticed a two-headed ogre
  2618 | D        | Noticed a two-headed ogre
  2661 | D        | Killed a two-headed ogre
  2668 | D        | Killed a two-headed ogre
  2668 | D        | Reached skill level 15 in Armour
  2776 | D        | Killed an ogre mage
  2776 | D        | Reached skill level 19 in Short Blades
  2961 | D        | Noticed an ogre mage
  2974 | D        | Killed an ogre mage
  2999 | D        | Bought a +0 pair of boots of stealth for 161 gold pieces
  3031 | D        | Bought the +4 plate armour of the Clam {rElec rF+ Dex+3} for 984 gold pieces
  3104 | D        | Noticed Joseph
  3105 | D        | Noticed Maurice
  3115 | D        | Killed Joseph
  3125 | D        | Killed Maurice
  3125 | D        | Reached skill level 15 in Shields
  3147 | D        | Noticed Gastronok
  3172 | D        | Killed Gastronok
  3172 | D        | Reached XP level 12. HP: 99/125 MP: 11/11
  3351 | D        | Noticed an ettin
  3382 | D        | Noticed a fire dragon
  3384 | D        | Noticed a stone giant
  3386 | D        | Noticed a great orb of eyes
  3905 | D        | Killed an ettin
  3905 | D        | Reached skill level 1 in Evocations
  3952 | D        | Killed a fire dragon
  3952 | D        | Reached skill level 20 in Short Blades
  4109 | D        | Killed a great orb of eyes
  4138 | D        | Noticed a rakshasa
  4158 | D        | Killed a stone giant
  4176 | D        | Killed a rakshasa
  4204 | D        | Noticed a deep troll shaman
  4213 | D        | Killed a deep troll shaman
  4231 | D        | Noticed a stone giant
  4259 | D        | Killed a stone giant
  4481 | D        | Noticed Saint Roka
  4512 | D        | Killed Saint Roka
  4512 | D        | Reached XP level 13. HP: 122/136 MP: 12/14
  4550 | D        | Noticed Harold
  4569 | D        | Killed Harold
  4657 | D        | Reached skill level 21 in Short Blades
  5239 | D        | Noticed a merfolk javelineer
  5281 | D        | Killed a merfolk javelineer
  5394 | D        | Paralysed by fainting for 11 turns
  5399 | D        | Killed from afar by a water nymph

Skill      XL: |  1  2  3  4  5  6  7  8  9 10 11 12 13 |
---------------+----------------------------------------+-----
Fighting       | 4 6 7 8 10 11 12 14 17 18 19 | 19.9
Armour         | 4 6 7 8 10 11 12 13 15 17 18 | 18.2
Shields        | 4 6 7 8 9 10 12 15 17 18 | 18.9
Short Blades   | 5 7 9 12 14 16 17 19 20 21 | 21.4
Dodging        | 1 3 4 5 |  5.9
Stealth        | 1 2 |  2.8
Evocations     | 3 |  3.6

Action                   |  1- 3 |  4- 6 |  7- 9 | 10-12 | 13-15 || total
-------------------------+-------+-------+-------+-------+-------++-------
Melee: Rapier            |    28 |    40 |    69 |   309 |       ||   446
       Headbutt          |     1 |    10 |    22 |   182 |    77 ||   292
       Quick blade       |       |       |       |   220 |   213 ||   433
Evoke: Wand              |       |       |       |     6 |     2 ||     8
  Use: Potion            |       |       |     3 |     1 |     1 ||     5
       Scroll            |       |       |       |     1 |       ||     1
 Stab: Paralysed         |       |       |       |       |     1 ||     1
  Eat: Ration            |       |     1 |       |     1 |       ||     2
       Chunk             |       |       |     2 |     9 |       ||    11
Armor: Scale mail        |     7 |    10 |     2 |       |       ||    19
       Plate armour      |       |       |     9 |    76 |    26 ||   111
Dodge: Dodged            |     7 |    11 |     9 |    75 |    22 ||   124
Block: Shield            |     7 |    15 |    15 |   149 |    60 ||   246
